 Dungeon Crawl Stone Soup version 0.32-a0-931-g5a2cda0630 (webtiles) character file.

Game seed: 8969521071049176051

171 GiantSquids the Ruffian (level 5, -2/33 HPs)
             Began as an Octopode Shapeshifter on Apr 13, 2024.
             Was a Believer of Dithmenos.
             Blown up by a hobgoblin (7 damage)
             ... with a mindburst bolt
             ... on level 3 of the Dungeon.
             The game lasted 00:03:12 (2005 turns).

GiantSquids the Ruffian (Octopode Shapeshifter)     Turns: 2005, Time: 00:03:13

Health: -2/33      AC:  1    Str: 15    XL:     5   Next: 51%
Magic:  5/5        EV: 12    Int: 12    God:    Dithmenos [**....]
Gold:   90         SH:  0    Dex: 18    Spells: 4/4 levels left

rFire   . .          .
                       - Unarmed
rCold   . . .        (no shield)
rNeg    . . .        (helmet currently unavailable)
rPois   .            (no amulet)
rElec   .            d - +6 ring of dexterity
rCorr   .            (no ring)
SInv    .            (no ring)
Will    .....        (no ring)
Stlth   +++          (no ring)
HPRegen 0.25/turn    (no ring)
MPRegen 0.09/turn    (no ring)
                     (no ring)

%: no passive effects
@: beast-form, wreathed by umbra
A: beast (slay +2), almost no armour, amphibious, 8 rings, camouflage 1,
gelatinous body 1, (nimble swimmer 1), tentacles
a: Begin Untransformation, Renounce Religion, Shadow Step


You were on level 3 of the Dungeon.
You worshipped Dithmenos.
Dithmenos was pleased with you.
You were a hulking beast.
You visited 1 branch of the dungeon, and saw 3 of its levels.

You collected 90 gold pieces.

Inventory:

Jewellery
 d - a +6 ring of dexterity (left tentacle)
Talismans
 b - a beast talisman (active)
 c - a flux talisman
Scrolls
 e - a scroll of revelation {unknown}
 g - 4 scrolls of identify {unknown}
 h - a scroll of fear {unknown}
 i - 3 scrolls of teleportation {unknown}
 k - a scroll of noise {unknown}
Potions
 a - 3 potions of lignification
 f - a potion of curing {unknown}
 j - a potion of heal wounds {unknown}
 l - a potion of degeneration {unknown}


   Skills:
 - Level 1.0 Fighting
 - Level 2.0 Dodging
 + Level 4.8 Unarmed Combat
 - Level 4.3 Shapeshifting


You had 4 spell levels left.
You didn't know any spells.
Your spell library contained the following spells:

 Spells                   Type           Power      Damage    Failure   Level
 Sandblast                Erth           0%         2d4       32%         1
 Summon Small Mammal      Summ           0%         N/A       32%         1
 Static Discharge         Conj/Air       0%         3-3/arc   45%         2
 Call Canine Familiar     Summ           0%         N/A       69%         3
 Stone Arrow              Conj/Erth      0%         3d7       69%         3
 Airstrike                Air            0%         2d(0-16)  97%         4
 Brom's Barrelling Bould  Conj/Erth      0%         2d3       97%         4
 Summon Blazeheart Golem  Fire/Summ      0%         N/A       97%         4
 Summon Lightning Spire   Summ/Air       0%         N/A       97%         4


Dungeon Overview and Level Annotations

Branches:
Dungeon (3/15)

Altars:
Dithmenos
Hepliaklqana
Vehumet


Innate Abilities, Weirdness & Mutations

You are a hulking beast.
Your limbs bulge with bestial killing power. (Slay +2)
You cannot wear most types of armour.
You are amphibious.
You can wear up to eight rings at the same time.
Your skin changes colour to match your surroundings (Stealth+).
Your rubbery body absorbs attacks. (AC +1, EV +1)
((You are camouflaged when in or above water. (Stealth+)))
You have tentacles for arms and can constrict up to eight enemies at once.


Message History

You can now step into the shadows of nearby creatures.
HP restored.
You see here a ribbon worm corpse.
Found a cloak.
You pick up a book of Storms and begin reading...
You add the spells Static Discharge, Airstrike and Summon Lightning Spire to your library.
There is a stone staircase leading down here.
A hobgoblin and a frilled lizard come into view.
The hobgoblin is carrying a wand of mindburst.
The hobgoblin moves out of view.
A frilled lizard is nearby!
You bludgeon the frilled lizard!
You kill the frilled lizard!
Dithmenos accepts your kill.
No target in view!
l - a bubbling blue potion A rat comes into view.
The rat squeaks loudly.
You hear a shout!
A rat is nearby!
Found 13 gold pieces.
The hobgoblin zaps a wand.
Your mind is blasted!
A hobgoblin comes into view.
The hobgoblin zaps a wand.
Your mind is blasted!
* * * LOW HITPOINT WARNING * * *
The rat bites you.
* * * LOW HITPOINT WARNING * * *
The rat attacks as it pursues you! The rat closely misses you.
You barely miss the rat. Your grab misses the rat. Your squeeze misses the rat.
The rat bites you.
* * * LOW HITPOINT WARNING * * *
You tentacle-slap the rat.
You kill the rat!
Dithmenos accepts your kill.
You tentacle-slap the hobgoblin but do no damage.
Your grab misses the hobgoblin. You squeeze the hobgoblin.
You kill the hobgoblin!
Dithmenos accepts your kill.
The hobgoblin zaps a wand.
Your mind is blasted!
* * * LOW HITPOINT WARNING * * *
The hobgoblin zaps a wand.
Your mind is blasted!
You die...

#.####....###.#
#<###.......#.#
#.#....#.##...#
#.#.#.........#
#...#.........#
#.###.........#
#.............#
#...##........#####$#..
#..###..†...#..hg....^.
...# #......#.##....###
...# #......#.. ..#.#
.... #......###......#
#......# ..#..#
#####... ##.## ..### .
### ##


You could see a hobgoblin.

Vanquished Creatures
  Jessica (D:2)
  Natasha (thrice) (D:2)
  2 adders (D:2)
  2 dart slugs (D:1)
  A ribbon worm (D:3)
  7 endoplasms
  2 giant cockroaches (D:2)
  3 goblins
  3 hobgoblins
  5 kobolds
  4 quokkas
  4 ball pythons
  6 bats
  3 frilled lizards
  2 rats
48 creatures vanquished.

Notes
Turn   | Place    | Note
-------+----------+-------------------------------------------
     0 | D:1      | GiantSquids the Octopode Shapeshifter began the quest for
                  | the Orb.
     0 | D:1      | Reached XP level 1. HP: 13/13 MP: 1/1
   284 | D:1      | Reached XP level 2. HP: 18/18 MP: 2/2
   971 | D:2      | Found a faded altar of an unknown god.
   980 | D:2      | Prayed at the altar of an unknown god.
   980 | D:2      | Became a worshipper of Dithmenos the Shadowed
   980 | D:2      | Reached * piety under Dithmenos
   999 | D:2      | Noticed Jessica
  1003 | D:2      | Killed Jessica
  1004 | D:2      | Reached XP level 3. HP: 16/23 MP: 3/3
  1057 | D:2      | Found a hazy altar of Hepliaklqana.
  1137 | D:2      | Reached XP level 4. HP: 22/28 MP: 4/4
  1223 | D:2      | Noticed Natasha
  1232 | D:2      | Killed Natasha
  1301 | D:2      | Noticed Natasha
  1306 | D:2      | Killed Natasha
  1307 | D:2      | Reached XP level 5. HP: 14/33 MP: 5/5
  1343 | D:2      | Noticed Natasha
  1354 | D:2      | Killed Natasha
  1913 | D:3      | Found a radiant altar of Vehumet.
  1926 | D:3      | Reached ** piety under Dithmenos
  2005 | D:3      | Blown up by a hobgoblin

Illustrated notes

Levels and vault maps discovered:
D:1:      lemuel_arrival_tunnels, layout_basic, kennysheep_doodads,
          roderic_serpentine_path
D:2:      layout_loops_ring, basic_altar,
          hellmonk_ecumenical_altar_slurped_away, minivault_19, corexii_shack,
          uniq_natasha, uniq_jessica
D:3:      minmay_chambers_of_twos, layout_rooms, nicolae_vehumet_radiance,
          nicolae_ru_the_path_less_chosen, grunt_ashenzari_visionary
          [grunt_ashenzari_visionary_shoals, grunt_ashenzari_visionary_spider],
          chequers_serial_rivers_marsh

Skill      XL: |  1  2  3  4 |
---------------+-------------+-----
Shapeshifting  | 4 |  4.3
Unarmed Combat | 4 |  4.8
Fighting       | |  1.0
Dodging        | |  2.0

Action                     |  1- 3 |  4- 6 || total
---------------------------+-------+-------++-------
  Melee: Unarmed           |    38 |    38 ||    76
         Constrict         |    13 |    11 ||    24
         Tentacles         |     9 |     7 ||    16
         Punch             |     2 |     1 ||     3
   Stab: Sleeping          |     6 |     3 ||     9
         Distracted        |       |     1 ||     1
 Armour: Skin              |    13 |    14 ||    27
  Dodge: Dodged            |    15 |    16 ||    31

Table legend: (Time is in decaauts)
 A = Elapsed time spent in this place.
 B = Non-inter-level travel time spent in this place.
 C = Inter-level travel time spent in this place.
 D = Time resting spent in this place.
 E = Time spent auto-exploring this place.
 F = Levels seen in this place.
 G = Mean time per level.
                   A        B        C        D        E       F      G
               +--------+--------+--------+--------+--------+-----+--------+
         Total |   1998 |   1953 |     45 |      3 |   1690 |   3 |  666.0 |
       Dungeon |   1998 |   1953 |     45 |      3 |   1690 |   3 |  666.0 |
               +--------+--------+--------+--------+--------+-----+--------+

Top non-repeatable levels by time:
     D:2: 956 daAuts
     D:1: 905 daAuts
     D:3: 136 daAuts
